[Event "American Cup Open Champions 2025"]
[Site "Saint Louis"]
[Date "2025.03.16"]
[Round "1.4"]
[White "Mishra, Abhimanyu"]
[Black "Nakamura, Hikaru"]
[Result "0-1"]
[Annotator "TA"]
[ECO "B06"]
[WhiteElo "2600"]
[BlackElo "2802"]
[PlyCount "96"]
[EventDate "2025.03.02"]
[EventType "k.o."]
[EventCountry "USA"]
[SourceTitle "playchess.com"]
[Source "ChessBase"]
[SourceQuality "1"]
[TimeControl "180+2"]

1. e4 g6 2. d4 Bg7 3. Nc3 a6 4. Be3 d6 5. Qd2 Nd7 6. h4 {[%emt 0:00:09] B06: Modern Defence.} h6 7. O-O-O b5 8. f3 {[%emt 0:00:17] White is slightly better.} Ngf6 9. g4 Nb6 10. d5 (10. a3 $14) 10... Bb7 (10... b4 $11) 11. Nh3 (11. Bd4 $16) 11... c5 12. dxc6 $1 Bxc6 13. Bd4 Qc7 14. g5 hxg5 15. hxg5 Nh5 16. Nf4 $146 {[%emt 0:00:05][%mdl 2048] Black is under strong pressure.} (16. Bxg7 Nxg7 17. Be2 O-O-O 18. Nf4 Rxh1 19. Rxh1 e5 20. Nfd5 Bxd5 21. Nxd5 Nxd5 22. Qxd5 {0-1 Liu,T (2225)-Rushbrooke,R (2074) London Classic op 14th 2024 (2)}) 16... Bxd4 (16... Nxf4 $142 17. Rxh8+ Bxh8 18. Bxh8 d5) 17. Qxd4 $16 O-O-O 18. Nxh5 gxh5 19. a4 $1 bxa4 {[%emt 0:00:18][%csl Oa4,Oa6,Oh5] Black has weak pawns} (19... Nxa4 $16 20. Nxa4 bxa4) 20. Bxa6+ $18 Kb8 21. Qb4 Ka7 22. Qa5 {[%emt 0:00:22] White attacks} (22. Be2 $18 {and White stays clearly on top.}) 22... Na8 $16 23. Qxc7+ (23. Nb5+ $6 Bxb5 24. Qxb5 Qb6 $14) 23... Nxc7 24. Bc4 e6 25. Rh4 Ne8 (25... d5 $142) 26. Ne2 (26. f4 $142) 26... Ng7 27. Ng3 (27. Rf4 $16 Rd7 28. Nd4) 27... Rc8 (27... Kb6 $14) 28. Rxd6 $18 Kb6 {[%emt 0:00:08] Black is weak on the dark squares} 29. Bd5 Kc5 (29... exd5 30. exd5 Rhd8 31. Rxc6+ Rxc6 32. dxc6) 30. Rxc6+ Rxc6 31. Bxc6 Kxc6 $16 {[%emt 0:00:00][%mdl 4096] Endgame KRN-KRN. White is a pawn up.} 32. f4 Rd8 33. f5 (33. Nxh5 $2 Rh8 34. f5 (34. g6 $2 fxg6 35. Nxg7 Rxh4 $19) 34... Rxh5 $19 (34... Nxh5 35. g6 $16)) (33. Rh3 $16) 33... e5 ({Black should play} 33... exf5 $1 $14 34. exf5 Ra8) 34. c3 (34. Nxh5 Rh8 $11) 34... Kc5 (34... Kb5 $16 35. Kc2 (35. Nxh5 Rh8 $11) 35... Rh8) 35. Kc2 $18 (35. Nxh5 Rh8 36. Kd2 (36. g6 fxg6 37. Nf4 Rxh4 $19) 36... Rh7 $17 (36... Nxh5 37. Kc2 $14) (36... Rxh5 37. f6 $11)) 35... Rg8 36. Nf1 (36. Nxh5 Rh8 $11) 36... Rh8 37. Nd2 Ne8 38. Nf3 Kd6 39. Rh1 f6 (39... Kc7 {keeps fighting.} 40. g6 (40. Nxe5 Nd6 $18) 40... fxg6 41. fxg6 Nf6) 40. g6 Ke7 41. Nh4 $2 (41. Ra1) 41... Nd6 42. Re1 Rb8 43. Nf3 Nc4 {[%emt 0:00:01] [#]} 44. Rb1 ({White should play} 44. Rh1 $1 $18 ) 44... a3 $16 45. b3 Ne3+ 46. Kd3 Ng4 {[%emt 0:00:01] [#]} 47. Nd2 $1 {[%emt 0:00:02] and Ra1 should not be overlooked} h4 48. Rh1 $2 (48. Ra1 $16) 48... Nf2+ {[%emt 0:00:00] Black used his chance.   Weighted Error Value: White=0.33/Black=0.31  Loses game:     	White=1     	---        Mistake:       	White=8     	Black=8      Inaccurate:     	---       	Black=2      OK:         	White=16    	Black=15     Best:        	White=4     	Black=4      Strong:       	White=3     	---} 0-1

[Event "American Cup Open Champions 2025"]
[Site "Saint Louis"]
[Date "2025.03.16"]
[Round "1.5"]
[White "Dominguez Perez, Leinier"]
[Black "So, Wesley"]
[Result "1/2-1/2"]
[Annotator "TA"]
[ECO "C54"]
[WhiteElo "2741"]
[BlackElo "2748"]
[PlyCount "60"]
[EventDate "2025.03.02"]
[EventType "k.o."]
[EventCountry "USA"]
[SourceTitle "playchess.com"]
[Source "ChessBase"]
[SourceQuality "1"]
[TimeControl "180+2"]

1. e4 e5 2. Nf3 Nc6 3. Bc4 Nf6 4. d3 Bc5 5. c3 d6 6. O-O O-O 7. Re1 a6 {[%emt 0:00:01] 7...Bb6 is setting a new trend. C54: Giuoco Piano: 4 c3 Nf6, main lines with 5 d4 and 5 d3.} 8. a4 Ba7 (8... h6 9. h3 Re8 10. Nbd2 Be6 11. Bxe6 Rxe6 12. b4 Ba7 13. Qc2 Qd7 14. Rb1 b5 15. Ra1 Ree8 16. Nf1 d5 17. Bd2 Rad8 18. Ng3 Qe6 19. Nf5 {½-½ Dominguez Perez,L (2758)-So,W (2772) Saint Louis Rapid 2021 (4)}) 9. h3 Be6 10. Bxe6 fxe6 11. b4 Nh5 12. Be3 Nf4 13. Rf1 $146 (13. b5 Ne7 14. Kh2 Neg6 15. bxa6 bxa6 16. d4 Nh4 17. Nxh4 Qxh4 18. Nd2 Nd3 19. Qb3 Nxe1 20. Qxe6+ {0-1 Sethuraman,S (2634)-Jumabayev,R (2641) Saint Louis Winter-A 2019 (2)}) 13... Qe8 14. Kh2 Qg6 {[%emt 0:00:09][%csl Gf4][%cal Rg6g2] [#]} 15. g3 {[%emt 0:00:14][%cal Bg2g3,Bg3g4][%mdl 32] Threatens to win with Bxa7.} Bxe3 {[%emt 0:00:39] A sharp opening} 16. fxe3 Nh5 17. g4 {[%emt 0:00:04] Successful Defense White} Nf6 18. Nbd2 h6 19. Qe2 Nd8 20. Rf2 Nf7 21. Raf1 Ng5 22. Nxg5 Qxg5 23. Nf3 Qg6 24. Nh4 Qg5 25. Nf3 Qg6 26. a5 Nh7 27. Nh4 Qg5 28. Nf3 Qg6 {[%emt 0:00:02] The position is equal.} 29. Nh4 Qg5 30. Nf3 Qg6 {[%emt 0:00:05] An uneventful encounter.   Weighted Error Value: White=0.11 (very precise) /Black=0.08 (flawless)   Inaccurate:     	White=2     	Black=2      OK:         	White=6     	Black=13} 1/2-1/2

[Event "American Cup Open Champions 2025"]
[Site "Saint Louis"]
[Date "2025.03.16"]
[Round "1.5"]
[White "Sevian, Samuel"]
[Black "Aronian, Levon"]
[Result "0-1"]
[Annotator "TA"]
[ECO "C55"]
[WhiteElo "2692"]
[BlackElo "2748"]
[PlyCount "72"]
[EventDate "2025.03.02"]
[EventType "k.o."]
[EventCountry "USA"]
[SourceTitle "playchess.com"]
[Source "ChessBase"]
[SourceQuality "1"]
[TimeControl "180+2"]

1. e4 e5 2. Nf3 Nc6 3. Bc4 Nf6 4. d3 Be7 5. O-O O-O 6. Re1 d6 7. a4 Be6 8. Nbd2 Qd7 9. Bb5 {[%emt 0:00:02][%cal Od3d4] C55: Two Knights: 4 d3, 4 d4 exd4 5 e5 and Max Lange Attack.} a6 10. Bxc6 bxc6 11. d4 {[%emt 0:00:01] White has an edge.} exd4 12. Nxd4 Bg4 13. f3 c5 $146 (13... Bh5 14. Nf5 Rfe8 15. Nxe7+ Qxe7 16. Ra3 d5 17. Rae3 Bg6 18. exd5 Qd6 19. Rxe8+ Rxe8 20. Rxe8+ Nxe8 {½-½ Goncharov,I (2393)-Schwetlick,T (2425) EU-ch75 email 2022}) 14. Ne2 Be6 15. Nf4 {[%emt 0:00:02] Prevents Nh5} Rfd8 16. Nf1 d5 17. exd5 Bxd5 18. Ng3 Bc6 (18... c4 $11) 19. Qxd7 $14 Rxd7 20. Nd3 {[%emt 0:00:01] [#]} Bd6 21. Bg5 c4 22. Ne5 Bxe5 (22... Bc5+ 23. Be3 Bxe3+ 24. Rxe3 $16) 23. Rxe5 Nd5 24. Nf5 (24. Re4 $1 $14 {keeps the upper hand.}) 24... f6 $17 25. Re6 Nb4 $36 {[%emt 0:00:00][%mdl 2048] Black is on the roll.} 26. Bf4 {[%emt 0:00:16] Ne7+ is the strong threat.} Nxc2 27. Rc1 Bxa4 28. Re4 Bb3 29. h4 (29. Ne3 $17 Nb4 30. Nxc4) 29... Nb4 $19 30. Rce1 Nd3 31. Re7 $2 (31. Ra1 {is more resistant.}) 31... Rxe7 {[%emt 0:00:06] Black is clearly winning.} 32. Rxe7 Nxf4 33. Rxg7+ Kh8 34. Rxc7 {[%emt 0:00:08] [#]} c3 $1 35. bxc3 a5 {...a4 would now be deadly.} 36. Nd4 Ne6 {[%emt 0:00:09] Weighted Error Value: White=0.48/Black=0.06 (flawless)   Mistake:       	White=3     	Black=1      Inaccurate:     	White=1     	Black=2      OK:         	White=6     	Black=12     Best:        	White=1     	Black=5} 0-1

[Event "American Cup Open Champions 2025"]
[Site "Saint Louis"]
[Date "2025.03.16"]
[Round "1.5"]
[White "Mishra, Abhimanyu"]
[Black "Nakamura, Hikaru"]
[Result "1/2-1/2"]
[Annotator "TA"]
[ECO "C54"]
[WhiteElo "2600"]
[BlackElo "2802"]
[PlyCount "63"]
[EventDate "2025.03.02"]
[EventType "k.o."]
[EventCountry "USA"]
[SourceTitle "playchess.com"]
[Source "ChessBase"]
[SourceQuality "1"]
[TimeControl "180+2"]

1. e4 e5 2. Nf3 Nc6 3. Bc4 Nf6 4. d3 h6 5. O-O Bc5 6. c3 d6 7. Nbd2 (7. b4 $5 Bb6 $8 8. a4 $11) 7... O-O {[%emt 0:00:05] C54: Giuoco Piano: 4 c3 Nf6, main lines with 5 d4 and 5 d3.} 8. Re1 (8. b4 $5 Bb6 $8 9. Bb3 $11) 8... Bb6 $1 {[%emt 0:00:00][%mdl 4] now scores much better than the old 8...a5.} 9. b4 Ne7 {[%emt 0:00:09] White has an edge.} 10. Bb3 a6 11. a4 Ng6 12. Nf1 Be6 13. Be3 Bxe3 14. Nxe3 $146 ({Predecessor:} 14. fxe3 d5 15. exd5 Nxd5 16. Bxd5 Qxd5 17. d4 e4 18. N3d2 b5 19. Ng3 f5 20. Qc2 {1-0 Bhagyashree,P (1836)-Rebecca,J (1486) IND-ch U15 Girls 2018 (4)}) 14... Re8 15. Bxe6 Rxe6 16. Qb3 Qd7 17. g3 Rd8 18. b5 d5 19. exd5 Nxd5 20. Nxd5 Qxd5 21. Qxd5 Rxd5 22. bxa6 Rxa6 23. d4 exd4 24. Nxd4 Rc5 25. Re3 Ne5 26. Kg2 (26. Nb3 $5 Rd5 $8 27. Nd4 $11) 26... g6 27. Rae1 {[%emt 0:00:05] The position is equal.} Nc6 28. Nb5 Na7 29. Nd4 Nc6 (29... Rxa4 30. Rf3 Nc6 31. Nxc6 bxc6 (31... Rxc6 32. Re7 $11) 32. Re7) 30. Nb5 Na7 31. Nd4 Nc6 ({Stronger than} 31... Rxa4 32. Re8+ Kg7 33. R1e7 $16) 32. Nb5 {[%emt 0:00:05] Weighted Error Value: White=0.10 (very precise) /Black=0.09 (flawless)   Inaccurate:     	White=1     	Black=1      OK:         	White=9     	Black=6      Best:        	White=1     	---} 1/2-1/2

[Event "American Cup Open Champions 2025"]
[Site "Saint Louis"]
[Date "2025.03.16"]
[Round "1.6"]
[White "Nakamura, Hikaru"]
[Black "Mishra, Abhimanyu"]
[Result "1-0"]
[Annotator "TA"]
[ECO "A14"]
[WhiteElo "2802"]
[BlackElo "2600"]
[PlyCount "99"]
[EventDate "2025.03.02"]
[EventType "k.o."]
[EventCountry "USA"]
[SourceTitle "playchess.com"]
[Source "ChessBase"]
[SourceQuality "1"]
[TimeControl "180+2"]

1. Nf3 Nf6 2. g3 d5 3. Bg2 e6 4. O-O Be7 5. b3 O-O 6. Bb2 c5 7. e3 Nc6 8. Qe2 b6 9. c4 Bb7 10. Rd1 dxc4 11. bxc4 Qc7 12. d3 Rfd8 13. Nc3 a6 14. Rab1 Rab8 {[%emt 0:00:02] A14: English Opening: 1...e6 with b3 by White.} 15. Ne1 Nb4 $146 (15... Na5 16. Ba1 Bxg2 17. Nxg2 Qd7 18. g4 b5 19. g5 Ne8 20. cxb5 axb5 21. Ne4 Qc6 22. Qg4 {0-1 Harsha,B (2608)-Vlachos,A (2446) Paris Rapid op 2023 (3)}) 16. a3 Bxg2 {[%emt 0:00:03] The position is equal.} 17. Nxg2 Nc6 18. Ba1 Rb7 19. f4 Rdb8 20. a4 Nb4 21. g4 Qc6 22. g5 Ne8 23. Rd2 Rd8 24. Ne1 Rbd7 25. Rbd1 Nd6 26. Nf3 $1 f6 {[%emt 0:00:10] Prevents Ne5} 27. e4 {[%emt 0:00:19][%cal Be3e4,Be4e5][%mdl 32] Strongly threatening gxf6.} Nf7 28. h4 Rd6 $2 (28... fxg5 $11 {and Black has nothing to worry.} 29. hxg5 Rd4) 29. gxf6 $1 $18 gxf6 30. Kh2 Kf8 {[%emt 0:00:18] [#]} 31. e5 $1 R6d7 {[%emt 0:00:08] [#]} 32. d4 $2 (32. Ne4 $1 $18 f5 33. Nf6) 32... f5 (32... cxd4 $1 $14 33. Nxd4 Rxd4 34. Rxd4 Rxd4 35. Rxd4 f5) 33. d5 $1 Qc8 (33... exd5 34. e6 d4) 34. d6 (34. dxe6 Rxd2 35. Rxd2 Qxe6 36. Rxd8+ Nxd8 $11) 34... Nh6 35. dxe7+ Kxe7 {[%emt 0:00:01] [#]} 36. Rd6 $1 Nf7 {[%emt 0:00:02] Dodges Ng5} (36... Rxd6 37. exd6+) 37. Rxd7+ ({Less strong is} 37. Rxb6 Rb7 $18) 37... Rxd7 38. Bb2 Nh6 39. Bc1 Ng4+ 40. Kg1 h6 (40... Qd8 {was worth a try.} 41. Rxd7+ Qxd7) 41. Rxd7+ Qxd7 42. Qd2 Nd3 $2 {[%emt 0:00:01] [#]} (42... Qd3) 43. Nd5+ $1 exd5 44. Qxd3 dxc4 45. Qxd7+ Kxd7 46. Ba3 (46. Kf1 $16) 46... Ne3 (46... Kc6 $1 $11) 47. a5 Nc2 $2 {[%emt 0:00:03][%mdl 8192] [#]} (47... bxa5 $16 48. Bxc5 Nd5) 48. axb6 $1 {[%emt 0:00:06] White mates.} Nxa3 {[%emt 0:00:04] [#]} (48... c3 49. e6+) 49. e6+ $1 Kd6 (49... Kc6 50. e7) 50. b7 {[%emt 0:00:02] Weighted Error Value: White=0.35/Black=0.63  Loses game:     	---       	Black=3      Missed win:     	White=1     	---        Mistake:       	White=1     	Black=4      Inaccurate:     	White=2     	Black=1      OK:         	White=13    	Black=10     Best:        	White=1     	Black=1      Strong:       	White=4     	---        Brilliant:      	White=1     	---} 1-0

[Event "American Cup Open Champions 2025"]
[Site "Saint Louis"]
[Date "2025.03.16"]
[Round "1.6"]
[White "Aronian, Levon"]
[Black "Sevian, Samuel"]
[Result "1-0"]
[Annotator "TA"]
[ECO "B22"]
[WhiteElo "2748"]
[BlackElo "2692"]
[PlyCount "91"]
[EventDate "2025.03.02"]
[EventType "k.o."]
[EventCountry "USA"]
[SourceTitle "playchess.com"]
[Source "ChessBase"]
[SourceQuality "1"]
[TimeControl "180+2"]

1. e4 c5 2. c3 Nf6 3. e5 Nd5 4. d4 cxd4 5. Nf3 e6 6. cxd4 d6 7. Bc4 Nb6 {[%emt 0:00:03] 7...Be7 gains popularity.} 8. Bb3 dxe5 9. Nxe5 Bb4+ {[%emt 0:00:13] B22: Sicilian: 2 c3.} 10. Nc3 N8d7 (10... Nc6 $11) 11. Nf3 (11. Qg4 {feels hotter.} O-O 12. O-O Nf6 13. Qg3) 11... Nf6 {[%emt 0:00:07] White is slightly better.} 12. Bg5 h6 13. Bh4 O-O 14. O-O Be7 15. Ne5 $146 (15. Re1 Bd7 16. Qd3 Be8 17. Rad1 a6 18. Bc2 g6 19. Bb3 Kg7 20. Ne5 g5 21. Bg3 {½-½ Adams,P (2050)-Mazek,M (2147) BCF-chT3Nc 1516 (4NCL) 2016 (8.77)}) 15... Nfd7 16. Bxe7 Qxe7 17. Qe2 Nf6 18. Rad1 {[%emt 0:00:11] White has more active pieces. The black rooks are passive.} Bd7 19. Rd3 Bc6 20. Rfd1 Rad8 21. Rg3 Nbd5 22. Bc2 Qb4 (22... Kh8 $14 {is more appropriate.}) 23. Qd2 Kh8 24. Rh3 {[%emt 0:00:07][%cal Oh3h6] Rxh6+! would now be deadly.} Ng8 ({Black should play} 24... Kg8 $1 $14) 25. Bb1 Ndf6 26. Nxc6 ({White should play} 26. a3 $16 Qd6 27. g4) 26... bxc6 $11 27. Ne4 Qe7 28. Rc3 Nd5 (28... e5 $11 {keeps the balance.} 29. Rc4 (29. Rxc6 Rxd4 30. Qe2 Rxd1+ 31. Qxd1 Nxe4 $11) 29... Rfe8) 29. Rxc6 $16 Rb8 30. Nc3 Ngf6 31. Nxd5 Nxd5 32. a3 a5 33. Be4 Nf6 34. Bf3 Rb5 (34... Rfd8 $142) 35. h3 (35. Rdc1 $142) 35... Rfb8 36. Rc2 Qd6 37. Rdc1 Qd8 {[%emt 0:00:02] Inhibits Rc8.} 38. Qc3 g6 {[%emt 0:00:01] [#]} 39. d5 $1 exd5 40. Qd4 Kg8 (40... Qb6 $11 41. Qe5 Qe6 42. Qxe6 fxe6) 41. Rc6 Nh7 {[%emt 0:00:02] [#]} (41... R5b6 $16 {was worth a try.}) 42. R1c2 $2 (42. a4 $1 $18 R5b7 43. Bxd5 (43. Qxd5 Qxd5 44. Bxd5 Rd7 $16)) 42... Ng5 $2 (42... Nf8 $1 $14) 43. Be2 $2 ({Only move:} 43. Bg4 $18 h5 44. Rc8 hxg4 45. Rxd8+ Rxd8 46. Re2 (46. hxg4 Ne6 $18)) 43... R5b7 $2 (43... R5b6 $1 $14) 44. Ba6 (44. Bg4 $18 {and the rest is easy.} h5 45. Rc8 hxg4 46. Qxg4 (46. Rxd8+ Rxd8 47. Qxg4 Ne6 $18)) 44... Qe7 $2 (44... Ne6 $16 45. Rxe6 fxe6) 45. Bxb7 (45. Rc8+ $142 Qd8 46. Rxd8+ Rxd8 47. Bxb7) 45... Rxb7 46. Rc8+ {[%emt 0:00:01] Weighted Error Value: White=0.59/Black=0.78  Loses game:     	---       	Black=4      Missed win:     	White=3     	---        Mistake:       	White=3     	Black=6      Inaccurate:     	White=7     	Black=6      OK:         	White=7     	Black=7      Best:        	White=3     	Black=1} 1-0

[Event "American Cup Open Champions 2025"]
[Site "Saint Louis"]
[Date "2025.03.16"]
[Round "1.6"]
[White "So, Wesley"]
[Black "Dominguez Perez, Leinier"]
[Result "1/2-1/2"]
[Annotator "TA"]
[ECO "D04"]
[WhiteElo "2748"]
[BlackElo "2741"]
[PlyCount "69"]
[EventDate "2025.03.02"]
[EventType "k.o."]
[EventCountry "USA"]
[SourceTitle "playchess.com"]
[Source "ChessBase"]
[SourceQuality "1"]
[TimeControl "180+2"]

1. d4 Nf6 2. Nf3 d5 3. e3 c5 4. Be2 Nc6 5. O-O Bg4 6. h3 {[%emt 0:00:03] D04: Colle System.} Bxf3 7. Bxf3 e6 8. c3 ({White should try} 8. c4 $1 $14) 8... Rc8 $11 9. Nd2 a6 $146 ({Predecessor:} 9... Qc7 10. Re1 cxd4 11. exd4 Bd6 12. Nf1 h6 13. Qd3 O-O 14. Ne3 Bh2+ 15. Kh1 Bd6 {½-½ Achatz,M-Mulde,R GER 2009 email 2011 (3)}) 10. a3 Bd6 11. dxc5 Bxc5 12. b4 Ba7 13. c4 Ne5 14. cxd5 Nxf3+ 15. Nxf3 Qxd5 16. Bb2 Qxd1 17. Rfxd1 Ke7 18. Rac1 Rhd8 19. Rxd8 Rxc1+ ({And not} 19... Kxd8 20. Rxc8+ Kxc8 21. Ng5 $16) 20. Bxc1 Kxd8 {[%emt 0:00:01][%mdl 4096] Endgame KBN-KBN} 21. Bb2 Ke7 22. Kf1 Ne8 23. Ke2 f6 24. a4 Nd6 25. Kd3 e5 {[%emt 0:00:31] [#] Hoping for ...e4+.} 26. Nd2 Ke6 27. Bc3 b5 28. axb5 axb5 29. g4 g6 30. f3 f5 31. gxf5+ gxf5 32. Bb2 Bb6 33. Bc3 Ba7 34. Bb2 Bb6 35. Bc3 {[%emt 0:00:01] A rather calm draw.   Weighted Error Value: White=0.06 (flawless) /Black=0.05 (flawless)   Mistake:       	White=1     	---        OK:         	White=14    	Black=16     Best:        	---       	Black=2} 1/2-1/2

[Event "American Cup Open Champions 2025"]
[Site "Saint Louis"]
[Date "2025.03.16"]
[Round "1.7"]
[White "Dominguez Perez, Leinier"]
[Black "So, Wesley"]
[Result "1-0"]
[Annotator "TA"]
[ECO "C54"]
[WhiteElo "2741"]
[BlackElo "2748"]
[PlyCount "109"]
[EventDate "2025.03.02"]
[EventType "k.o."]
[EventCountry "USA"]
[SourceTitle "playchess.com"]
[Source "ChessBase"]
[SourceQuality "1"]
[TimeControl "180+2"]

1. e4 e5 2. Nf3 Nc6 3. Bc4 Nf6 4. d3 Bc5 5. c3 d6 6. O-O a6 7. a4 {[%emt 0:00:01] 7.Re1 is the recent fashion.} O-O 8. Re1 {[%emt 0:00:01] C54: Giuoco Piano: 4 c3 Nf6, main lines with 5 d4 and 5 d3.} Ba7 (8... h6 9. h3 Re8 10. Nbd2 Be6 11. Bxe6 Rxe6 12. b4 Ba7 13. Qc2 Qd7 14. Rb1 b5 15. Ra1 Ree8 16. Nf1 d5 17. Bd2 Rad8 18. Ng3 Qe6 19. Nf5 {½-½ Dominguez Perez,L (2758)-So,W (2772) Saint Louis Rapid 2021 (4)}) 9. h3 Be6 10. Bxe6 {[%emt 0:00:02] White has an edge.} fxe6 11. b4 Nh5 12. Be3 Nf4 13. Rf1 $5 $146 {[%emt 0:00:01][%mdl 8] An interesting novelty.} (13. Ra2 {simplifies} Qe7 14. Na3 Bxe3 15. fxe3 Ng6 16. Rf2) (13. b5 Ne7 14. Kh2 Neg6 15. bxa6 bxa6 16. d4 Nh4 17. Nxh4 Qxh4 18. Nd2 Nd3 19. Qb3 Nxe1 20. Qxe6+ {0-1 Sethuraman,S (2634)-Jumabayev,R (2641) Saint Louis Winter-A 2019 (2)}) 13... Qf6 14. Nbd2 Qg6 (14... Nxd3 $15 15. Bxa7 Nxa7 (15... Rxa7 16. g3 $14)) 15. Bxf4 $11 {[%emt 0:00:02] A sharp opening} Rxf4 16. b5 Ne7 17. bxa6 bxa6 18. Qb3 {[%emt 0:00:16] White plays on the queen side and is better} Rff8 19. Qc4 Rfc8 (19... Qh6 $14 {deserves consideration.}) 20. a5 $16 (20. Qxa6 $2 Bxf2+ 21. Rxf2 Rxa6 $19) 20... Qf6 21. Rab1 $1 (21. Qxa6 $2 Bxf2+ 22. Rxf2 Rxa6 $19) 21... d5 22. Qa4 (22. Qxa6 $2 Bxf2+ 23. Rxf2 Rxa6 $19) 22... Bc5 23. d4 Bd6 24. Rfe1 Ng6 25. exd5 $1 exd5 26. Qc6 (26. Qa2 $16 {and dxe5 would now be decisive} Kh8 27. Qxd5) 26... Ne7 $14 27. dxe5 Bxe5 28. Qc5 {[%emt 0:00:27] White is much more active.} (28. Qa4 $14 Bxc3 29. Qd7) 28... Qd6 (28... Bd6 $11 29. Qe3 Ng6) 29. Qe3 $1 $16 Bf6 30. Qd3 Rd8 31. Nd4 Bxd4 32. cxd4 Nc6 33. Nf3 ({White should play} 33. Ra1 $16) 33... Nxa5 $11 34. Ng5 Qg6 35. Qxg6 hxg6 36. Ne6 Rd7 37. h4 {[%emt 0:00:03][%mdl 1024] White has compensation.} Nc4 38. Nf4 Kh7 39. Ne6 a5 40. Ng5+ (40. Rb7 $5) 40... Kg8 41. Re6 (41. Ra1 $1 $11) 41... a4 $17 42. Rbe1 Nd6 {[%emt 0:00:04] Inhibits Re8+.} 43. Rxg6 (43. g4 $142) 43... a3 $19 44. Rge6 a2 $2 (44... Rdd8 $1 $19 {Strongly threatening ...a2.} 45. Ra1 Nb5) 45. Ra1 $11 Rdd8 46. Re2 Nf5 (46... Nb5 $1 $11 {remains equal.}) 47. Nf3 $1 $16 ({Much weaker is} 47. Rexa2 $6 Rxa2 48. Rxa2 Nxd4 $11) ({Stronger than} 47. Raxa2 Nxd4 48. Red2 Rxa2 49. Rxa2 c5 $17) 47... Rdb8 48. Rexa2 Rxa2 49. Rxa2 {[%emt 0:00:00][%mdl 4096] Endgame KRN-KRN. White is a pawn up.} Rb4 {[%emt 0:00:02] [#]} 50. Rd2 Kf7 51. g3 Kf6 52. Kg2 Rc4 {[%emt 0:00:04] [#]} 53. g4 $1 Nd6 54. Ne5 (54. Re2 $142) 54... Nb5 $2 55. Nxc4 {[%emt 0:00:01] White used his chance.   Weighted Error Value: White=0.19 (very precise) /Black=0.41  Loses game:     	---       	Black=1      Missed win:     	---       	Black=1      Mistake:       	White=6     	Black=4      Inaccurate:     	White=6     	Black=6      OK:         	White=16    	Black=16     Best:        	White=2     	Black=3      Strong:       	White=4     	---} 1-0